 Dungeon Crawl Stone Soup version 0.29-a0-251-g80730f7218 (webtiles) character file.

Game seed: 1002348621549788166

919 bande the Chopper (level 8, -10/48 HPs)
             Began as a Gargoyle Fighter on Mar 5, 2022.
             Mangled by an ogre
             ... wielding a +0 giant club
              (24 damage)
             ... on level 6 of the Dungeon.
             The game lasted 00:08:59 (5818 turns).

bande the Chopper (Gargoyle Fighter)                Turns: 5818, Time: 00:09:00

Health: -10/48     AC: 19    Str: 19    XL:     8   Next: 9%
Magic:  8/8        EV:  7    Int: 12    God:
Gold:   273        SH:  6    Dex: 23    Spells: 7/7 levels left

rFire   . . .      SeeInvis .   a - +0 war axe
rCold   . . .      Faith    .   c - +0 buckler
rNeg    + . .      Spirit   .   v - +0 chain mail
rPois   ∞          Reflect  .   (no helmet)
rElec   +          Harm     .   (no cloak)
rCorr   .          Rampage  .   e - +2 pair of gloves
Will    .....                   t - +0 pair of boots
Stlth   ..........              (no amulet)
HPRegen 0.16/turn               u - +6 ring of dexterity
MPRegen 0.11/turn               k - +6 ring of dexterity

@: no status effects
A: sickness immunity, AC +5, negative energy resistance 1, electricity
resistance, torment resistance 1, petrification resistance, clever 1
a: no special abilities


You were on level 6 of the Dungeon.
You visited 2 branches of the dungeon, and saw 7 of its levels.

You collected 287 gold pieces.
You spent 14 gold pieces at shops.

Inventory:

Hand Weapons
 a - a +0 war axe (weapon)
 p - a +0 flail
 r - a +0 flail
Missiles
 q - a throwing net (quivered)
Armour
 c - a +0 buckler (worn)
 e - a +2 pair of gloves (worn)
 t - a +0 pair of boots (worn)
 v - a +0 chain mail (worn)
Jewellery
 j - a ring of see invisible
 k - a +6 ring of dexterity (right hand)
 u - a +6 ring of dexterity (left hand)
Wands
 i - a wand of paralysis (7)
Scrolls
 f - a scroll of enchant armour
 g - 2 scrolls of amnesia
 h - a scroll of teleportation
 l - 3 scrolls of fear
Potions
 d - 2 potions of might
 m - 4 potions of curing
 n - a potion of brilliance {unknown}
 o - a potion of heal wounds {unknown}
 s - a potion of magic {unknown}


   Skills:
 + Level 4.6 Fighting
 + Level 5.9 Axes
 + Level 5.2 Armour
 + Level 4.5 Shields
 * Level 2.5 Evocations


You had 7 spell levels left.
You didn't know any spells.
Your spell library contained the following spells:

 Spells                   Type           Power      Damage    Failure   Level
 Wereblood                Tmut           0%         N/A       100%        2
 Ozocubu's Armour         Ice            0%         N/A       100%        3
 Ozocubu's Refrigeration  Ice            0%         4d5       100%        7
 Summon Hydra             Summ           0%         N/A       100%        7
 Sublimation of Blood     Necr           Unusable   N/A       N/A         2

Dungeon Overview and Level Annotations

Branches:
Dungeon (6/15)             Temple (1/1) D:5

Altars:
Cheibriados
Dithmenos
Elyvilon
Fedhas
Gozag
Hepliaklqana
Makhleb
Nemelex Xobeh
Qazlal
Ru
Sif Muna
Uskayaw
Wu Jian
Xom
Yredelemnul
The Shining One

Shops:
D:5 :![


Innate Abilities, Weirdness & Mutations

You are immune to sickness and miasma.
Your stone body is resilient. (AC +5)
You are immune to poison.
You resist negative energy. (rN+)
You are resistant to electric shocks. (rElec)
You are resistant to unholy torment.
You are immune to petrification.
Your mind is acute. (Int +2)


Message History

Found a stone staircase leading up.
The ogre shouts!
You block the orc's attack.
You hit the orc but do no damage. The orc hits you but does no damage.
You hit the orc.
The orc is severely wounded.
The orc hits you but does no damage.
You barely miss the orc.
The orc is severely wounded.
The orc hits you but does no damage. x2
You hit the orc.
You kill the orc!
The ogre hits you with a +0 giant club!
Things that are here:
a +0 dagger; a +2 chain mail of poison resistance; an orc corpse You barely miss the ogre.
The ogre hits you with a +0 giant club!
You are too injured to fight recklessly!
You are too injured to fight recklessly!
You are too injured to fight recklessly!
You are too injured to fight recklessly!
You are too injured to fight recklessly!
You are too injured to fight recklessly!
You are too injured to fight recklessly!
You are too injured to fight recklessly!
You hit the ogre but do no damage. The ogre hits you but does no damage.
You hit the ogre.
The ogre is lightly wounded.
You block the ogre's attack.
You hit the ogre but do no damage.
The ogre is lightly wounded.
You block the ogre's attack.
You slash the ogre!
The ogre is moderately wounded.
The ogre hits you with a +0 giant club!
* * * LOW HITPOINT WARNING * * *
You slash the ogre!
The ogre is severely wounded.
The ogre hits you with a +0 giant club!!
Ouch! That really hurt!
You die...

.........###...###..........#
.............### ##........##
###........### ##......##
.........################
..>.............#
..........#####.#
..............#.######
..##########......... .
##@....... #O.......
##....... ....... <......
....... ....... .......


You could see an ogre.

Vanquished Creatures
  A black bear (D:5)
  A sky beast (D:6)
  2 ogres
  A centaur (D:4)
  A scorpion (D:4)
  A howler monkey (D:5)
  4 hounds
  An iguana (D:5)
  7 gnolls
  9 adders
  A white imp (D:6)
  15 orcs
  9 endoplasms
  4 goblins
  4 hobgoblins
  12 jackals
  7 quokkas
  5 ball pythons
  2 bats
  3 frilled lizards (D:2)
  3 kobolds
  5 rats
98 creatures vanquished.

Notes
Turn   | Place    | Note
-------+----------+-------------------------------------------
     0 | D:1      | bande the Gargoyle Fighter began the quest for the Orb.
     0 | D:1      | Reached XP level 1. HP: 14/14 MP: 1/1
   192 | D:1      | Reached XP level 2. HP: 19/19 MP: 2/2
   738 | D:2      | Reached XP level 3. HP: 19/23 MP: 3/3
  1495 | D:3      | Reached XP level 4. HP: 25/29 MP: 4/4
  2152 | D:4      | Noticed a scorpion
  2157 | D:4      | Killed a scorpion
  2158 | D:4      | Reached XP level 5. HP: 33/33 MP: 5/5
  2208 | D:4      | Gained mutation: Your mind is acute. (Int +2) [potion of
                  | mutation]
  2211 | D:4      | Found a blossoming altar of Fedhas.
  2462 | D:4      | Found a glowing golden altar of the Shining One.
  2465 | D:4      | Noticed an angel
  2578 | D:4      | Found a basalt altar of Yredelemnul.
  2580 | D:4      | Noticed a profane servitor
  2966 | D:5      | Entered Level 5 of the Dungeon
  2966 | D:5      | Found Huro Kifa's Distillery.
  2983 | D:5      | Reached XP level 6. HP: 36/38 MP: 6/6
  3007 | D:5      | Bought a potion of degeneration for 14 gold pieces
  3036 | D:5      | Reached skill level 1 in Evocations
  3520 | D:5      | Found Jud Hokh's Armour Boutique.
  3552 | D:4      | Reached XP level 7. HP: 10/43 MP: 7/7
  4205 | D:4      | Reached skill level 5 in Axes
  4380 | D:5      | Found Eloahe Eliudgh's Book Emporium.
  4632 | D:5      | Found a staircase to the Ecumenical Temple.
  4649 | Temple   | Entered the Ecumenical Temple
  5390 | D:6      | Reached skill level 5 in Armour
  5662 | D:6      | Reached XP level 8. HP: 48/48 MP: 8/8
  5720 | D:6      | Found a hide-covered altar of Uskayaw.
  5818 | D:6      | Mangled by an ogre

Illustrated notes

Levels and vault maps discovered:
D:1:      psy_arrival_dodecagon, layout_loops_cross
D:2:      layout_loops_cross
D:3:      layout_basic
D:4:      layout_basic, grunt_temple_overflow_holy_war,
          mainiacjoe_overflow_24_doors
D:5:      layout_basic, minmay_temple_entry_glass, serial_shops,
          nicolae_shop_crystal, shop, nicolae_shop_window_shopping
D:6:      layout_rooms, mainiacjoe_overflow_small_starburst
Temple:   minmay_temple_forest_path

Skill      XL: |  1  2  3  4  5  6  7 |
---------------+----------------------+-----
Axes           | 2 3 4 5 |  5.9
Shields        | 4 |  4.5
Armour         | 4 5 |  5.2
Evocations     | 1 2 |  2.5
Fighting       | 4 |  4.6

Action                   |  1- 3 |  4- 6 |  7- 9 || total
-------------------------+-------+-------+-------++-------
Melee: War axe           |   119 |   144 |    83 ||   346
  Use: Scroll            |     5 |     5 |     2 ||    12
       Potion            |       |     1 |       ||     1
Armor: Scale mail        |    88 |    90 |    57 ||   235
       Chain mail        |       |       |     6 ||     6
Dodge: Dodged            |    59 |    81 |    58 ||   198
Block: Buckler           |    26 |    38 |    25 ||    89

Table legend: (Time is in decaauts)
 A = Elapsed time spent in this place.
 B = Non-inter-level travel time spent in this place.
 C = Inter-level travel time spent in this place.
 D = Time resting spent in this place.
 E = Time spent auto-exploring this place.
 F = Levels seen in this place.
 G = Mean time per level.
                   A        B        C        D        E       F      G
               +--------+--------+--------+--------+--------+-----+--------+
         Total |   5946 |   5868 |     78 |   1055 |   3796 |   7 |  849.4 |
       Dungeon |   5505 |   5470 |     35 |   1055 |   3411 |   6 |  917.5 |
        Temple |    440 |    397 |     43 |      0 |    385 |   1 |  440.0 |
               +--------+--------+--------+--------+--------+-----+--------+

Top non-repeatable levels by time:
     D:4: 1594 daAuts
     D:5: 1206 daAuts
     D:2: 832 daAuts
     D:3: 714 daAuts
     D:1: 676 daAuts
     D:6: 480 daAuts
  Temple: 440 daAuts
